 Dungeon Crawl Stone Soup version 0.23.2-1-ga50397a (webtiles) character file.

Game seed: 11791525440684987966

23026 MaxwellSilver the Warrior (level 12, -2/124 HPs)
             Began as a Minotaur Fighter on May 15, 2019.
             Was a High Priest of Okawaru.
             Slain by a frost giant
             ... wielding a +2 battleaxe of freezing
              (16 damage)
             ... on level 11 of the Dungeon.
             The game lasted 00:33:49 (10012 turns).

MaxwellSilver the Warrior (Minotaur Fighter)       Turns: 10012, Time: 00:33:50

Health: -2/124     AC: 23    Str: 26    XL:     12   Next: 68%
Magic:  3/15       EV:  7    Int:  9    God:    Okawaru [*****.]
Gold:   647        SH:  0    Dex: 16    Spells: 11/11 levels left

rFire    . . .     SeeInvis +   a - +3 rapier
rCold    . . .     Gourm    .   c - +0 shield
rNeg     . . .     Faith    .   i - +0 plate armour
rPois    +         Spirit   .   v - +1 hat {SInv}
rElec    .         Reflect  +   y - +3 cloak "Duergh" {rPois Int+4}
rCorr    +         Harm     .   (no gloves)
MR       .....                  n - +2 pair of boots "Taycarou" {Dex+2}
Stlth    ..........             u - +3 amulet of reflection
HPRegen  0.30/turn              w - ring of resist corrosion
MPRegen  0.14/turn              g - +4 ring of dexterity

@: confused, very slightly contaminated, hasted, invisible, very quick
A: retaliatory headbutt, horns 2
a: Heroism, Finesse, Renounce Religion


You were on level 11 of the Dungeon.
You worshipped Okawaru.
Okawaru was extremely pleased with you.
You were not hungry.

You visited 2 branches of the dungeon, and saw 14 of its levels.
You also visited: Bailey.

You collected 647 gold pieces.

Inventory:

Hand Weapons
 a - a +3 rapier (weapon)
Armour
 c - a +0 shield (worn)
 i - a +0 plate armour (worn)
 n - the +2 pair of boots "Taycarou" (worn) {Dex+2}
   (Okawaru gifted it to you on level 10 of the Dungeon)

   It affects your dexterity (+2).
 v - a +1 hat of see invisible (worn)
 y - the +3 cloak "Duergh" (worn) {rPois Int+4}
   (You found it on level 8 of the Dungeon)

   It affects your intelligence (+4).
   It protects you from poison.
Jewellery
 e - an uncursed ring of fire
 g - a +4 ring of dexterity (right hand)
 u - a +3 amulet of reflection (around neck)
 w - a ring of resist corrosion (left hand)
Wands
 d - a wand of paralysis (15)
 q - a wand of polymorph (8)
 r - a wand of digging (4)
 z - a wand of flame (31)
 B - a wand of iceblast (24)
 C - a wand of disintegration (12)
Scrolls
 k - 3 scrolls of teleportation
 o - 2 scrolls of amnesia
 p - a scroll of enchant weapon
 A - a scroll of identify
 D - 3 scrolls of remove curse
 F - 3 scrolls of enchant armour
 I - 2 scrolls of fog
Potions
 j - a potion of flight
 l - 3 potions of magic
 m - 3 potions of agility
 s - 2 potions of mutation
 E - a potion of cancellation
Comestibles
 f - 29 rations
 x - 2 chunks of flesh


   Skills:
 * Level 16.4 Fighting
 + Level 12.3 Short Blades
 + Level 10.6 Armour
 + Level 2.9 Dodging
 - Level 4.0 Shields
 + Level 3.1 Unarmed Combat
 + Level 6.1 Invocations


You had 11 spell levels left.
You didn't know any spells.
Your spell library contained the following spells:

 Spells                   Type           Power        Failure   Level  Hunger
 Animate Skeleton         Necr           N/A          100%        1    ##.....
 Confusing Touch          Hex            #.....       100%        1    ##.....
 Magic Dart               Conj           #...         100%        1    ##.....
 Pain                     Necr           #...         100%        1    ##.....
 Sandblast                Erth           #.....       100%        1    ##.....
 Sting                    Conj/Pois      #...         100%        1    ##.....
 Blink                    Tloc           N/A          100%        2    ###....
 Call Imp                 Summ           #.......     100%        2    ###....
 Passwall                 Tmut/Erth      #.......     100%        2    ###....
 Poisonous Vapours        Pois/Air       #.....       100%        2    ###....
 Slow                     Hex            #.......     100%        2    ###....
 Confuse                  Hex            #.......     100%        3    ####...
 Conjure Flame            Conj/Fire      #.......     100%        3    ####...
 Gell's Gravitas          Tloc           #.........   100%        3    ####...
 Mephitic Cloud           Conj/Pois/Air  #.......     100%        3    ####...
 Regeneration             Chrm/Necr      #.........   100%        3    ####...
 Stone Arrow              Conj/Erth      #.....       100%        3    ####...
 Vampiric Draining        Necr           #.........   100%        3    ####...
 Animate Dead             Necr           N/A          100%        4    #####..
 Olgreb's Toxic Radiance  Pois           #.......     100%        4    #####..
 Petrify                  Tmut/Erth      #.......     100%        4    #####..
 Lee's Rapid Deconstruct  Erth           #.........   100%        5    ######.
 Metabolic Englaciation   Hex/Ice        #.........   100%        5    ######.
 Venom Bolt               Conj/Pois      #.........   100%        5    ######.
 Yara's Violent Unravell  Hex/Tmut       #.........   100%        5    ######.
 Freezing Cloud           Conj/Ice/Air   #.........   100%        6    #######
 Ring of Flames           Chrm/Fire      #.........   100%        7    #######


Dungeon Overview and Level Annotations

Branches:
Dungeon (13/15)            Temple (1/1) D:6            Lair (0/6) D:9
    Orc (0/2) D:9
 Vaults: D:13-14

Altars:
Fedhas
Gozag
Hepliaklqana
Nemelex Xobeh
Okawaru
Ru
Sif Muna
Vehumet
Xom
Zin

Annotations:
D:9 2 transporters, Sassenached's ghost, novice DsWn


Innate Abilities, Weirdness & Mutations

You reflexively headbutt those who attack you in melee.
You have a pair of horns on your head.


Message History

You are too injured to fight recklessly!
You are too injured to fight recklessly!
Okay, then.
You feel yourself speed up.
The frost giant gestures at you while chanting.
The bolt of cold misses you.
You puncture the frost giant! You headbutt the frost giant!
The frost giant is moderately wounded.
You hit the frost giant. You headbutt the frost giant!
The frost giant is heavily wounded.
The frost giant casts a spell at you. The bolt of cold hits you!!
* * * LOW HITPOINT WARNING * * *
You fade into invisibility!
You are very lightly contaminated with residual magic.
You are confused.
You feel invigorated.
You feel like a meek peon again.
The frost giant hits you with a +2 battleaxe of freezing!
You die...

#'############# #
#.##[###...........#
#.##['...............
####.##$##8...........8#
#....##?+...............
#.8..##$#.......⌠.......
#....##!+...............
####.##$##8...C.......8#
#.##/+......@........
#.##)###...........#
#'###########.######
###.#8###8###8#)#8###8##
+.....'.......)(........
#####8###8###8###8###8##
### ### ### ## #########
##############
###.......###........=...#


You could see a frost giant.

Vanquished Creatures
  Gastronok (D:11)
  A hydra (D:11)
  2 centaur warriors (D:10)
  3 two-headed ogres
  3 death yaks (D:9)
  A deep elf knight (Bailey)
  Pikel (D:4)
  10 deep elf magi (Bailey)
  A cyclops (D:11)
  An ugly thing (D:12)
  A centaur skeleton (D:10)
  A komodo dragon (D:10)
  2 trolls
  2 hornets (D:10)
  Grinder (D:4)
  3 slime creatures
  A hippogriff (D:11)
  Sigmund (D:4)
  2 wraiths
  4 yaks
  A basilisk (D:10)
  Eustachio (D:4)
  A hungry ghost (D:10)
  An acid dragon (D:11)
  6 orc warriors
  2 sky beasts
  6 ice beasts
  A black bear (D:9)
  An eye of draining (D:11)
  3 necrophages
  5 centaurs
  2 phantoms
  7 ogres
  A crocodile (D:11)
  A big kobold (D:10)
  9 bullfrogs
  Blork the orc (D:4)
  A wyvern zombie (D:6)
  A wyvern skeleton (D:11)
  2 scorpions
  4 killer bees (D:7)
  3 wights (D:6)
  4 crimson imps
  2 howler monkeys (D:12)
  3 bullfrog zombies
  7 jellies
  5 orc priests
  A bullfrog skeleton (D:9)
  A gnoll shaman (D:5)
  A hound (D:9)
  7 orc wizards
  Natasha (thrice) (D:2)
  3 iguanas
  A hell rat (D:9)
  9 worker ants
  A killer bee zombie (D:10)
  A hound zombie (D:9)
  A hound skeleton (D:10)
  A worker ant zombie (D:11)
  7 gnolls
  12 adders
  2 river rats
  3 shadow imps
  An ooze (D:2)
  2 adder skeletons (D:6)
  3 worms
  4 dart slugs
  9 leopard geckos
  49 orcs
  9 bats
  4 giant cockroaches
  7 goblins
  9 hobgoblins
  13 jackals
  5 kobolds
  9 quokkas
  7 frilled lizards
  A jackal zombie (D:5)
  8 rats
317 creatures vanquished.

Vanquished Creatures (others)
  2 centaurs
  A plant (D:11)
3 creatures vanquished.

Grand Total: 320 creatures vanquished

Notes
Turn   | Place    | Note
-------+----------+-------------------------------------------
     0 | D:1      | MaxwellSilver the Minotaur Fighter began the quest for the
                  | Orb.
     0 | D:1      | Reached XP level 1. HP: 19/19 MP: 0/0
    66 | D:1      | Reached XP level 2. HP: 21/26 MP: 1/1
   330 | D:1      | Reached XP level 3. HP: 31/31 MP: 2/2
   581 | D:2      | Noticed Natasha
   589 | D:2      | Killed Natasha
   682 | D:2      | Reached XP level 4. HP: 39/39 MP: 3/3
   697 | D:2      | Noticed Natasha
   708 | D:2      | Killed Natasha
   708 | D:2      | Reached skill level 5 in Short Blades
   951 | D:2      | Found a deep blue altar of Sif Muna.
   951 | D:2      | Found a sacrificial altar of Ru.
  1024 | D:2      | Noticed Natasha
  1030 | D:2      | Killed Natasha
  1030 | D:2      | Reached XP level 5. HP: 37/45 MP: 4/4
  1560 | D:3      | Noticed an ogre
  1566 | D:3      | Killed an ogre
  1566 | D:3      | Reached XP level 6. HP: 28/51 MP: 5/5
  1849 | D:4      | Noticed Sigmund
  1857 | D:4      | Killed Sigmund
  1857 | D:4      | Reached skill level 5 in Fighting
  1857 | D:4      | Reached XP level 7. HP: 59/61 MP: 6/6
  1885 | D:4      | Noticed Grinder
  1906 | D:4      | Paralysed by Grinder for 6 turns
  1912 | D:4      | Killed Grinder
  1912 | D:4      | Reached skill level 6 in Fighting
  1950 | D:4      | Noticed Eustachio
  1976 | D:4      | Killed Eustachio
  2065 | D:4      | Reached skill level 7 in Fighting
  2270 | D:4      | Reached XP level 8. HP: 33/73 MP: 7/7
  2694 | D:5      | Entered Level 5 of the Dungeon
  2745 | D:5      | Noticed Blork the orc
  2761 | D:4      | Reached skill level 8 in Fighting
  2885 | D:5      | Noticed Pikel
  2888 | D:5      | Paralysed by Pikel for 2 turns
  2904 | D:4      | Killed Pikel
  2904 | D:4      | Reached skill level 9 in Fighting
  2994 | D:4      | Killed Blork the orc
  3307 | D:5      | Got an ichor-stained dagger
  3310 | D:5      | Identified the +1 dagger of the Dove {freeze, MR+} (You
                  | found it on level 5 of the Dungeon)
  3345 | D:5      | Reached skill level 10 in Fighting
  3432 | D:5      | Found a sparkling altar of Nemelex Xobeh.
  3575 | D:5      | Found a hazy altar of Hepliaklqana.
  3776 | D:6      | Reached XP level 9. HP: 85/85 MP: 8/8
  3896 | D:6      | Found a blossoming altar of Fedhas.
  3925 | D:6      | Found a staircase to the Ecumenical Temple.
  3963 | Temple   | Entered the Ecumenical Temple
  3973 | Temple   | Became a worshipper of Warmaster Okawaru
  4094 | D:6      | Reached skill level 10 in Short Blades
  4102 | D:6      | Reached skill level 11 in Fighting
  4901 | D:7      | Reached skill level 5 in Armour
  5148 | D:8      | Reached * piety under Okawaru
  5325 | D:8      | Got a pitted cloak
  5345 | D:8      | Identified the +3 cloak "Duergh" {rPois Int+4} (You found
                  | it on level 8 of the Dungeon)
  5552 | D:8      | Reached skill level 12 in Fighting
  5559 | D:9      | Noticed a death yak
  5811 | D:9      | Found a transporter.
  5817 | D:9      | Reached XP level 10. HP: 97/97 MP: 9/9
  5819 | D:9      | Noticed Sassenached's ghost (novice DsWn)
  5912 | D:9      | Noticed a death yak
  5940 | D:9      | Killed a death yak
  5940 | D:9      | Reached ** piety under Okawaru
  5947 | D:9      | Noticed a death yak
  6069 | D:9      | Killed a death yak
  6069 | D:9      | Reached skill level 13 in Fighting
  6093 | D:9      | Killed a death yak
  6093 | D:9      | Reached *** piety under Okawaru
  6412 | D:10     | Entered Level 10 of the Dungeon
  6443 | D:10     | Reached skill level 1 in Invocations
  6488 | D:10     | Noticed a two-headed ogre
  6502 | D:10     | Killed a two-headed ogre
  6502 | D:10     | Reached **** piety under Okawaru
  6502 | D:10     | Reached XP level 11. HP: 52/108 MP: 8/11
  6962 | D:10     | Reached skill level 14 in Fighting
  7011 | D:10     | Found a flagged portal.
  7041 | Bailey   | Entered a bailey
  7095 | Bailey   | Noticed a deep elf mage
  7109 | Bailey   | Killed a deep elf mage
  7410 | Bailey   | Noticed a deep elf mage
  7412 | Bailey   | Noticed a deep elf mage
  7412 | Bailey   | Noticed a deep elf mage
  7412 | Bailey   | Noticed a deep elf mage
  7412 | Bailey   | Noticed a deep elf mage
  7422 | Bailey   | Killed a deep elf mage
  7428 | Bailey   | Killed a deep elf mage
  7430 | Bailey   | Killed a deep elf mage
  7434 | Bailey   | Killed a deep elf mage
  7442 | Bailey   | Killed a deep elf mage
  7468 | Bailey   | Noticed a deep elf knight
  7489 | Bailey   | Killed a deep elf knight
  7541 | Bailey   | Noticed a deep elf mage
  7541 | Bailey   | Noticed a deep elf mage
  7541 | Bailey   | Noticed a deep elf mage
  7564 | Bailey   | Killed a deep elf mage
  7570 | Bailey   | Killed a deep elf mage
  7576 | Bailey   | Killed a deep elf mage
  7576 | Bailey   | Reached ***** piety under Okawaru
  7944 | Bailey   | Noticed a deep elf mage
  7965 | Bailey   | Killed a deep elf mage
  7965 | Bailey   | Reached skill level 15 in Fighting
  8101 | D:9      | Found a shimmering altar of Xom.
  8132 | D:9      | Found a staircase to the Lair.
  8390 | D:9      | Found a transporter.
  8425 | D:9      | Found a staircase to the Orcish Mines.
  8564 | D:10     | Noticed a two-headed ogre
  8571 | D:10     | Killed a two-headed ogre
  8571 | D:10     | Received a gift from Okawaru
  8617 | D:10     | Got a pair of faintly humming boots {god gift}
  8623 | D:10     | Identified the +2 pair of boots "Taycarou" {Dex+2} (Okawaru
                  | gifted it to you on level 10 of the Dungeon)
  8647 | D:10     | Noticed a centaur warrior
  8650 | D:10     | Noticed a centaur warrior
  8664 | D:10     | Killed a centaur warrior
  8664 | D:10     | Reached skill level 5 in Invocations
  8664 | D:10     | Reached XP level 12. HP: 110/121 MP: 12/14
  8671 | D:10     | Killed a centaur warrior
  8671 | D:10     | Reached skill level 10 in Armour
  9003 | D:11     | Noticed a five-headed hydra
  9025 | D:11     | Killed a five-headed hydra
  9246 | D:12     | Reached skill level 1 in Unarmed Combat
  9247 | D:12     | Reached skill level 1 in Dodging
  9284 | D:12     | Reached skill level 16 in Fighting
  9860 | D:11     | Noticed Gastronok
  9871 | D:11     | Killed Gastronok
  9951 | D:11     | Noticed a two-headed ogre
  9972 | D:11     | Killed a two-headed ogre
  9979 | D:11     | Received a gift from Okawaru
  9997 | D:11     | Noticed a frost giant
 10012 | D:11     | Slain by a frost giant

Skill      XL: |  1  2  3  4  5  6  7  8  9 10 11 12 |
---------------+-------------------------------------+-----
Short Blades   | 3 4 5 7 8 9 10 11 12 | 12.3
Fighting       | 5 7 10 12 13 15 16 | 16.4
Armour         | 6 8 9 10 | 10.6
Shields        | 4 |  4.0
Invocations    | 1 5 6 |  6.1
Unarmed Combat | 3 |  3.1
Dodging        | 2 |  2.9

Action                   |  1- 3 |  4- 6 |  7- 9 | 10-12 || total
-------------------------+-------+-------+-------+-------++-------
Melee: Rapier            |    64 |   143 |   343 |   581 ||  1131
       Headbutt          |    14 |    29 |    76 |   177 ||   296
Invok: Heroism           |       |       |     1 |    18 ||    19
  Use: Potion            |       |     2 |       |     7 ||     9
       Scroll            |       |       |    17 |     6 ||    23
  Eat: Chunk             |       |     3 |    13 |     8 ||    24
       Ration            |       |       |       |     2 ||     2
Armor: Scale mail        |     7 |       |       |       ||     7
       Plate armour      |    38 |    84 |   139 |   135 ||   396
Dodge: Dodged            |     9 |    16 |    41 |    81 ||   147
Block: Shield            |    37 |    65 |   142 |   272 ||   516
       Reflection        |       |       |       |    15 ||    15
